Match 34792249
Unlisted

Match 34792249
End
Kettenkrad Recon Vehicle
Construct Infanterie Kompanie
Selects Mechanized Battlegroup
MG 42 Machine Gun Team
MG 42 Machine Gun Team
GrW 34 Mortar Team
Medical Station
Pioneer Squad
Grenadier Squad
Construct Luftwaffe Kompanie
GrW 34 Mortar Team
Jäger Squad
Selects Raid Package
Jäger Squad
Support Elements
Selects StuG Assault Group
StuG Assault Group
Atomic Floyd
deadsadbadmad
Alessandro-9891
William Baker
agnusdei
kubse
0
0

Comments sign in to comment!

No comments posted yet!